 Dungeon Crawl Stone Soup version 0.26-a0-610-g3e9335bbc7 (webtiles) character file.

Game seed: 7651231829776897467

30 Descartes the Ducker (level 3, -1/15 HPs)
             Began as a Felid Transmuter on Sept 4, 2020.
             Slain by an adder (3 damage)
             ... on level 2 of the Dungeon.
             The game lasted 00:01:22 (1474 turns).

Descartes the Ducker (Felid Transmuter)             Turns: 1474, Time: 00:01:23

Health: -1/15      AC:  1    Str:  7    XL:     3   Next: 5%
Magic:  6/7        EV: 18    Int: 14    God:
Gold:   22         SH:  0    Dex: 16    Spells: 0/6 levels left
                                        Lives:  0   Deaths: 0

rFire    . . .     SeeInvis +     - Unarmed
rCold    . . .     Faith    .   (shield unavailable)
rNeg     . . .     Spirit   .   (armour unavailable)
rPois    .         Reflect  .   (helmet unavailable)
rElec    .         Harm     .   (cloak unavailable)
rCorr    .                      (gloves unavailable)
MR       .....                  (boots unavailable)
Stlth    +++.......             (no amulet)
HPRegen  0.05/turn              (no ring)
MPRegen  0.10/turn              (no ring)

@: appendages (expiring), quick
A: very small, no armour, no weapons or thrown items, stealth, claws 1, fangs 3,
horns 2, see invisible, speed 1, shaggy fur 1, sharp paws
a: End Transformation


You were on level 2 of the Dungeon.
You had grown temporary horns.
You visited 1 branch of the dungeon, and saw 2 of its levels.

You collected 22 gold pieces.

Inventory:

Scrolls
 d - 2 scrolls of identify {unknown}
 e - 2 scrolls of teleportation {unknown}
 g - a scroll of enchant armour {unknown}
Potions
 a - a potion of flight {unknown}
 b - 2 potions of resistance {unknown}
 c - a potion of might {unknown}
 f - a potion of lignification {unknown}


   Skills:
 + Level 1.3 Fighting
 + Level 3.2 Dodging
 * Level 2.2 Stealth
 + Level 3.2 Unarmed Combat
 - Level 2.0 Spellcasting
 + Level 2.5 Transmutations


You couldn't memorise any spells.
You knew the following spells:

 Your Spells              Type           Power        Failure   Level
a - Beastly Appendage     Tmut           #.....       9%          1
b - Wereblood             Tmut           #.......     13%         2
c - Spider Form           Tmut/Pois      #.........   38%         3

Your spell library contained the following spells:

 Spells                   Type           Power        Failure   Level
 Ice Form                 Ice/Tmut       #.......     80%         4
 Blade Hands              Tmut           #.........   93%         5


Dungeon Overview and Level Annotations

Branches:
Dungeon (2/15)

Altars:
Okawaru
Xom
Yredelemnul


Innate Abilities, Weirdness & Mutations

You cannot wear armour.
You are incapable of wielding weapons or throwing items.
Your paws allow you to move quietly. (Stealth)
You have sharp claws.
You have razor-sharp teeth.
You have supernaturally acute eyesight. (SInv)
You cover ground quickly.
You are covered in fur. (AC +1)
Your sharp claws are effective at attacking unaware monsters.
You have a pair of horns on your head.


Message History

The adder bites you.
Casting: Beastly Appendage (safe; 9% risk of failure)
Confirm with . or Enter, or press ? or * to list all spells.
You grow a pair of large bovine horns.
The adder bites you.
You miss the adder. The adder barely misses you.
You closely miss the adder. The adder closely misses you.
You closely miss the adder.
Your transformation is almost over.
The adder bites you.
You closely miss the adder. The adder barely misses you.
The adder closely misses you.
You scratch the adder but do no damage. Your claw misses the adder.
The adder bites you.
* * * LOW HITPOINT WARNING * * *
Your magical contamination has completely faded away.
You closely miss the adder. The adder closely misses you.
You barely miss the adder. The adder completely misses you.
You miss the adder. The adder barely misses you. The adder closely misses you.
You closely miss the adder. The adder bites you.
You die...

.. #.# ...#..
#.# ..#... #.#
.. #....# ..#
..#.....###.#
# #..
#......#.#
#..##....#S#.#
#........@..#
#......#.###
..#.....#.#
#..(#.<#.#?#
......#.#.#.#
###.# ..#.#)#
# .#.#.#.#
#.#<#.#.# #
###.#.#


You could see an adder.

Vanquished Creatures
  An ooze (D:1)
  3 leopard geckos (D:1)
  2 giant cockroaches (D:1)
  4 goblins (D:1)
  2 hobgoblins (D:1)
  A kobold (D:1)
  3 bats (D:1)
  2 frilled lizards (D:1)
  4 rats (D:1)
22 creatures vanquished.

Notes
Turn   | Place    | Note
-------+----------+-------------------------------------------
     0 | D:1      | Descartes the Felid Transmuter began the quest for the Orb.
     0 | D:1      | Reached XP level 1. HP: 9/9 MP: 4/4
   223 | D:1      | Reached skill level 1 in Stealth
   413 | D:1      | Reached XP level 2. HP: 12/12 MP: 4/6
   711 | D:1      | Found a glowing golden altar of the Shining One.
   723 | D:1      | Found a basalt altar of Yredelemnul.
   723 | D:1      | Found a shimmering altar of Xom.
   726 | D:1      | Found an iron altar of Okawaru.
   726 | D:1      | Found a shimmering altar of Xom.
   726 | D:1      | Found a shimmering altar of Xom.
  1081 | D:1      | Reached XP level 3. HP: 7/15 MP: 7/7
  1265 | D:1      | Learned a level 2 spell: Wereblood
  1269 | D:1      | Learned a level 3 spell: Spider Form
  1474 | D:2      | Slain by an adder

Illustrated notes

Levels and vault maps discovered:
D:1:      tarquinn_simple_flora_water_b, layout_basic, doesnt_xom_only_xom
D:2:      layout_basic, minivault_26, amethyst_killhole

Skill      XL: |  1  2 |
---------------+-------+-----
Stealth        | 1 2 |  2.2
Dodging        | 3 |  3.2
Fighting       | |  1.3
Unarmed Combat | |  3.2
Spellcasting   | |  2.0
Transmutations | |  2.5

Action                   || total
-------------------------++-------
Melee: Unarmed           ||    77
       Headbutt          ||    10
       Bite              ||     2
       Punch             ||     1
 Cast: Beastly Appendage ||    17
 Stab: Sleeping          ||     3
Armor: Skin              ||     2
Dodge: Dodged            ||    62

Table legend: (Time is in decaauts)
 A = Elapsed time spent in this place.
 B = Non-inter-level travel time spent in this place.
 C = Inter-level travel time spent in this place.
 D = Time resting spent in this place.
 E = Time spent auto-exploring this place.
 F = Levels seen in this place.
 G = Mean time per level.
                   A        B        C        D        E       F      G
               +--------+--------+--------+--------+--------+-----+--------+
         Total |   1316 |   1291 |     25 |      0 |   1131 |   2 |  658.0 |
       Dungeon |   1316 |   1291 |     25 |      0 |   1131 |   2 |  658.0 |
               +--------+--------+--------+--------+--------+-----+--------+

Top non-repeatable levels by time:
     D:1: 1302 daAuts
     D:2: 14 daAuts
